 Dungeon Crawl Stone Soup version 0.28.0-45-g0d030f2227 (webtiles) character file.

Game seed: 5548762637616288432

70 Iusername the Firebug (level 4, -7/35 HPs)
             Began as a Draconian Fire Elementalist on Apr 5, 2022.
             Killed from afar by Grinder (9 damage)
             ... with a puff of flame
             ... on level 3 of the Dungeon.
             The game lasted 00:08:34 (2728 turns).

Iusername the Firebug (Draconian Fire Elementalist) Turns: 2728, Time: 00:08:35

Health: -7/35      AC:  5    Str: 10    XL:     4   Next: 3%
Magic:  3/7        EV: 12    Int: 18    God:
Gold:   50         SH:  0    Dex: 11    Spells: 7/8 levels left

rFire   . . .      SeeInvis .   f - +0 short sword (protect)
rCold   . . .      Faith    .   (no shield)
rNeg    . . .      Spirit   .   (armour unavailable)
rPois   .          Reflect  .   (helmet restricted)
rElec   .          Harm     .   (no cloak)
rCorr   .          Rampage  .   (no gloves)
Will    +....                   (no boots)
Stlth   ++........              (no amulet)
HPRegen 0.11/turn               k - ring of willpower
MPRegen 0.10/turn               (no ring)

@: no status effects
A: AC +5, unfitting armour, cold-blooded
a: no special abilities


You were on level 3 of the Dungeon.
You visited 1 branch of the dungeon, and saw 3 of its levels.

You collected 50 gold pieces.

Inventory:

Hand Weapons
 b - a +0 whip
 f - a +0 short sword of protection (weapon)
Missiles
 h - 3 poisoned darts (quivered)
Jewellery
 k - a ring of willpower (left hand)
Scrolls
 c - 2 scrolls of identify
 d - 2 scrolls of amnesia
 j - a scroll of immolation {unknown}
Potions
 g - a potion of attraction
 i - a potion of cancellation {unknown}


   Skills:
 + Level 1.2 Fighting
 + Level 0.4 Short Blades
 + Level 0.9 Maces & Flails
 + Level 0.4 Throwing
 + Level 2.3 Dodging
 + Level 2.1 Stealth
 + Level 2.6 Spellcasting
 + Level 1.1 Conjurations
 + Level 3.0 Fire Magic


You had 7 spell levels left.
You knew the following spells:

 Your Spells              Type           Power      Damage    Failure   Level
a - Foxfire               Conj/Fire      36%        2x1d5     7%          1

Your spell library contained the following spells:

 Spells                   Type           Power      Damage    Failure   Level
 Scorch                   Fire           26%        2d6       7%          2
 Conjure Flame            Conj/Fire      9%         6-21      22%         3
 Inner Flame              Hex/Fire       7%         N/A       26%         3
 Flame Wave               Conj/Fire      9%         2d5       56%         4


Dungeon Overview and Level Annotations

Branches:
Dungeon (3/15)

Altars:

Annotations:
D:3 Grinder


Innate Abilities, Weirdness & Mutations

Your plain brown scales are hard. (AC +5)
You cannot fit into any form of body armour.
You are cold-blooded and may be slowed by cold attacks.


Message History

Casting: Foxfire (safe; 8% risk of failure)
Confirm with . or Enter, or press ? or * to list all spells.
You conjure some foxfire!
The quokka misses you. The orc hits you but does no damage.
Grinder closely misses you. The quokka closely misses you.
The foxfire hits Grinder but does no damage.
The foxfire hits the dart slug.
You kill the dart slug!
The orc misses you. The quokka barely misses you.
Grinder hits you but does no damage.
You have reached level 4!
You feel clever.
Casting: Foxfire (safe; 7% risk of failure)
Confirm with . or Enter, or press ? or * to list all spells.
You conjure some foxfire!
The orc hits you but does no damage. The quokka barely misses you.
Grinder gestures at you.
You easily resist.
The foxfire hits Grinder.
Grinder is lightly wounded.
The foxfire hits the quokka.
You kill the quokka!
The orc hits you but does no damage.
Grinder blinks!
Casting: Foxfire (safe; 7% risk of failure)
Confirm with . or Enter, or press ? or * to list all spells.
You conjure some foxfire!
The orc grunts loudly.
The orc hits you but does no damage.
The foxfire hits the orc but does no damage. x2
The orc hits you with a +0 club. The orc closely misses you.
Grinder zaps a wand.
The puff of flame hits you!
* * * LOW HITPOINT WARNING * * *
You feel better. The orc hits you with a +0 club.
* * * LOW HITPOINT WARNING * * *
You barely miss the orc. You tail-slap the orc.
The orc is heavily wounded.
The orc hits you with a +0 club.
* * * LOW HITPOINT WARNING * * *
Grinder zaps a wand.
The puff of flame hits you!
You die...

. ........# .#
........# #.
#........ ##.
#........
#..##....?...
#####.#..5.......
.....!..#........
.. #.†.)...... #.
#.#@o...... ###.
###.#........ #..
#...######### ###
#.# ##.###
...##.#####..#
#........(.##
###.###..[.#####
.##.##...#.....###
##..#..##.........


You could see Grinder and an orc.

Vanquished Creatures
  Jessica (D:2)
  A worm (D:3)
  2 dart slugs
  4 ball pythons
  4 endoplasms
  2 goblins (D:2)
  4 hobgoblins
  4 jackals (D:1)
  2 quokkas
  2 bats (D:1)
  4 kobolds
  5 rats
35 creatures vanquished.

Vanquished Creatures (others)
  28 foxfires
28 creatures vanquished.

Grand Total: 63 creatures vanquished

Notes
Turn   | Place    | Note
-------+----------+-------------------------------------------
     0 | D:1      | Iusername the Draconian Fire Elementalist began the quest
                  | for the Orb.
     0 | D:1      | Reached XP level 1. HP: 14/14 MP: 3/3
   198 | D:1      | Reached XP level 2. HP: 8/20 MP: 2/5
  1994 | D:2      | Noticed Jessica
  2005 | D:2      | Killed Jessica
  2006 | D:2      | Reached skill level 1 in Fighting
  2006 | D:2      | Reached XP level 3. HP: 20/28 MP: 6/6
  2236 | D:2      | Found a faded altar of an unknown god.
  2706 | D:3      | Noticed Grinder
  2722 | D:3      | Reached XP level 4. HP: 16/35 MP: 4/7
  2728 | D:3      | Killed from afar by Grinder

Illustrated notes

Levels and vault maps discovered:
D:1:      dpeg_arrival_oval, layout_loops_ring, nrook_loot_triangle,
          item_on_display_a
D:2:      layout_rooms, dreamdust_ecumenical_altar_statues, uniq_jessica
D:3:      layout_rooms, bh_walls_and_bars, uniq_ijyb, uniq_grinder

Skill      XL: |  1  2 |
---------------+-------+-----
Dodging        | 2 |  2.3
Fighting       | 1 |  1.2
Stealth        | 2 |  2.1
Short Blades   | |  0.4
Maces & Flails | |  0.9
Throwing       | |  0.4
Spellcasting   | |  2.6
Conjurations   | |  1.1
Fire Magic     | |  3.0

Action                   |  1- 3 |  4- 6 || total
-------------------------+-------+-------++-------
Melee: Whip              |    51 |       ||    51
       Tailslap          |     6 |     1 ||     7
       Short sword       |    49 |     1 ||    50
Throw: Dart              |     8 |       ||     8
 Cast: Foxfire           |    21 |     2 ||    23
  Use: Potion            |     4 |     1 ||     5
       Scroll            |     2 |       ||     2
Armor: Skin              |    67 |     3 ||    70
Dodge: Dodged            |   134 |     2 ||   136
